Map: Cyber Forest LE

Players

PtitDrogo

  • Race: Protoss Protoss
  • League: Grandmaster
  • Spawn Location: 11:00

Reynor - Winner!

  • Race: Zerg Zerg
  • League: Master
  • Spawn Location: 5:00

Event: 2019 WCS Winter Europe

VOD

Have the link to the VOD?

Description

Time

  • Played on: March 23, 2019, 11:08 a.m.
  • Length: 5:23

All games in this series

Show
View Real Time Build Order
Export as new Build Order

PtitDrogo Protoss 

Build Orders: 1 Gate Expand 

Get SALT Encoding   

  12  0:00  Probe  
  13  0:12  Probe  
  14  0:19  Pylon  
  14  0:24  Probe  
  14  0:27  Assimilator  
  15  0:34  Probe  
  16  0:42  Probe  
  16  0:43  Gateway  
  17  0:51  Probe  
  18  1:03  Probe  
  19  1:15  Probe  
  20  1:23  Nexus  
  20  1:34  Cybernetics Core  
  20  1:39  Zealot  
  21  1:42  Assimilator  
  19  2:05  Adept  
  21  2:30  Probe  
  22  2:39  Probe  
  25  2:45  Probe  
  26  2:52  Probe  
  26  2:57  Probe  
  28  3:02  Pylon  
  28  3:03  Adept  
  27  3:19  Probe  
  23  3:20  Probe  
  24  3:29  Probe  
  24  3:30  Twilight Council  
  25  3:36  Probe  
  25  3:37  Probe  
  26  3:46  Probe  
  26  3:48  Probe  
  29  3:56  Adept  
  31  4:13  Probe  
  31  4:26  Probe x2  
  33  4:34  Probe  
  33  4:38  Probe  
  34  4:56  Probe x2  
  36  5:08  Probe x2, Gateway  
  36  5:13  Pylon  
Show
View Real Time Build Order
Export as new Build Order

Reynor Zerg - Winner!

Build Orders: Pool First 

Get SALT Encoding   

  12  0:16  Spawning Pool  
  11  0:22  Drone  
  11  0:27  Drone  
  13  0:30  Drone  
  14  0:39  Overlord  
  14  1:03  Zergling x4  
  16  1:05  Zergling x2  
  17  1:16  Zergling x2  
  18  1:18  Hatchery  
  17  1:27  Zergling x2  
  18  1:37  Zergling x2  
  18  1:38  Queen  
  21  1:49  Zergling x2  
  20  2:03  Overlord  
  19  2:10  Drone  
  20  2:20  Queen  
  20  2:22  Drone  
  23  2:25  Extractor  
  21  2:32  Drone x2  
  23  2:44  Zergling x4  
  25  2:50  Zergling x4  
  27  2:52  Drone x2  
  27  2:54  Drone  
  30  3:02  Overlord  
  31  3:05  Drone  
  31  3:14  Drone  
  31  3:18  Drone  
  30  3:24  Drone  
  30  3:25  Drone x2  
  30  3:26  Drone  
  34  3:27  Drone  
  34  3:31  Drone x2  
  37  3:38  Zergling x6  
  40  3:43  Metabolic Boost  
  40  3:47  Zergling x2  
  41  3:51  Drone  
  42  3:56  Zergling x2  
  42  3:57  Zergling x2  
  42  4:00  Overlord  
  44  4:05  Overlord  
  43  4:14  Zergling x2  
  43  4:15  Overlord  
  42  4:18  Drone x3  
  42  4:22  Baneling Nest  
  44  4:24  Zergling x2  
  44  4:27  Zergling x2  
  45  4:32  Zergling x2  
  45  4:33  Zergling x4  
  45  4:37  Hatchery  
  45  4:38  Zergling x2  
  48  4:39  Zergling x2  
  48  4:48  Zergling x4  
  49  4:58  Overlord  
  47  5:01  Zergling x2  
  47  5:03  Zergling x6  
  47  5:05  Zergling x6  
Tags
 
Add a new tag
Caveats
  • Supply blocks, unpowered buildings, or Contaminate may cause inaccurate times.
  • Supply counts are checked every 10 seconds.